 Seeded DCSS version 0.28-a0-1080-g05a166d0ed (webtiles) character file.

Game seed: 1337 (custom seed)

10 ZenithNebula the Skirmisher (level 2, -5/25 HPs)
             Began as a Palentonga Abyssal Knight on Dec 9, 2021.
             Was an Initiate of Lugonu.
             Slain by Sigmund (14 damage)
             ... on level 2 of the Dungeon.
             The game lasted 00:07:00 (413 turns).

ZenithNebula the Skirmisher (PaAK)                   Turns: 413, Time: 00:07:00

Health: -5/25      AC:  7    Str: 16    XL:     2   Next: 10%
Magic:  3/3        EV:  4    Int: 10    God:    Lugonu [......]
Gold:   9          SH:  0    Dex: 10    Spells: 1/1 levels left

rFire   . . .      SeeInvis +   a - +1 falchion
rCold   . . .      Faith    .   (no shield)
rNeg    . . .      Spirit   .   k - +0 chain mail
rPois   .          Reflect  .   (no helmet)
rElec   .          Harm     .   (no cloak)
rCorr   .          Rampage  .   (no gloves)
Will    .....                   (no barding)
Stlth   ..........              (no amulet)
HPRegen 0.08/turn               (no ring)
MPRegen 0.08/turn               (no ring)

@: no status effects
A: large, rugged brown scales 3, see invisible, deformed body, roll 1, armoured
tail
a: Rolling Charge, Renounce Religion


You were on level 2 of the Dungeon.
You worshipped Lugonu.
Lugonu was noncommittal.
You visited 1 branch of the dungeon, and saw 2 of its levels.
You visited the Abyss 1 time.

You collected 9 gold pieces.

Inventory:

Hand Weapons
 a - a +1 falchion (weapon)
 f - a +0 club
 g - a +0 dagger
 j - a +0 trident
 n - a +0 short sword
Missiles
 d - 7 bolts
 l - 14 stones
Armour
 b - a +0 leather armour
 c - a +0 robe
 k - a +0 chain mail (worn)
Scrolls
 m - 2 scrolls of immolation
Potions
 e - a potion of curing {unknown}
 h - a potion of might {unknown}
 i - 2 potions of mutation {unknown}


   Skills:
 + Level 3.1 Fighting
 + Level 2.3 Long Blades
 + Level 1.5 Armour
 + Level 0.8 Dodging
 + Level 2.3 Invocations


You had one spell level left.
You didn't know any spells.
Your spell library was empty.

Dungeon Overview and Level Annotations

Branches:
Dungeon (2/15)

Altars:

Shops:
D:2 ?

Annotations:
D:2 Sigmund


Innate Abilities, Weirdness & Mutations

You are completely covered in rugged brown scales. (AC +3, +7% HP)
You have supernaturally acute eyesight. (SInv)
Armour fits poorly on your strangely shaped body.
You can roll at nearby foes to attack.
You have a long armoured tail.


Message History

There is a stone staircase leading up here.
There is a stone staircase leading up here.
Sigmund the Dreaded comes into view.
He is wielding a +3 scythe of flaming.
Sigmund shouts!
Hit: a) +1 falchion
Press: ? - help, Dir - move target, f - you That would be overly suicidal.
Okay, then.
There's nothing you can charge at! There's nothing you can charge at!
There's nothing you can charge at!
Sigmund points at you and mumbles some strange words.
You resist with significant effort.
Roll where?
Press: ? - help, Q - select action, (/) - cycle Dir - move target, f - Sigmund
Aim: Sigmund, wielding a +3 scythe of flaming and wearing a +0 robe You roll forward with a clatter of scales!
You closely miss Sigmund. You tail-slap Sigmund!
Sigmund is heavily wounded.
Sigmund hits you with a +3 scythe of flaming.
Sigmund burns you.
You slash Sigmund!
Sigmund is severely wounded.
Sigmund hits you but does no damage.
You hit Sigmund but do no damage.
Sigmund is severely wounded.
Sigmund points at you and mumbles some strange words.
The magic dart hits you but does no damage.
You closely miss Sigmund.
Sigmund is severely wounded.
Sigmund hits you with a +3 scythe of flaming.
Sigmund burns you.
Really read the scroll of immolation?
Okay, then.
You completely miss Sigmund.
Sigmund is severely wounded.
Sigmund hits you with a +3 scythe of flaming!
Ouch! That really hurt!
You die...

#########
#.......##
#........#
#..#.#.#.#
#........#
#..#.#.#.########
#.........@@....#
#..#.#.#..#####.#
##........##
#####..###.######
................#
#######.##..###.#
##.## #.##...##.#
#...####.#.....#.#
...<....>#.....#.##


You could see Sigmund.

Vanquished Creatures
  2 bats (D:1)
  2 goblins
  2 quokkas (D:1)
  2 ball pythons
  2 rats
10 creatures vanquished.

Vanquished Creatures (others)
  2 fungi (D:1)
2 creatures vanquished.

Grand Total: 12 creatures vanquished

Notes
Turn   | Place    | Note
-------+----------+-------------------------------------------
     0 | Abyss:1  | ZenithNebula the Palentonga Abyssal Knight began the quest
                  | for the Orb.
     0 | Abyss:1  | Reached XP level 1. HP: 19/19 MP: 2/2
     0 | D:1      | Escaped the Abyss
   144 | D:1      | Found a faded altar of an unknown god.
   276 | D:1      | You fall into a shaft and drop 1 floor!
   317 | D:2      | Reached XP level 2. HP: 25/25 MP: 3/3
   351 | D:2      | Found Appuhose's Magic Scroll Shop.
   403 | D:2      | Noticed Sigmund
   413 | D:2      | Slain by Sigmund

Illustrated notes

Levels and vault maps discovered:
D:1:      dpeg_arrival_stonehenge_12_columns, layout_basic,
          shapermc_ecumenical_altar_mp_ritualfount
D:2:      layout_loops_ring, serial_shops,
          nicolae_shop_temple_entry_statues_fountains, serial_glass,
          glass_columns_a, glass_columns_c, glass_columns_b, glass_columns_b,
          glass_columns_a, grunt_ministairs_7, amcnicky_mini_corridor_feature,
          uniq_sigmund

Action                   || total
-------------------------++-------
Melee: Falchion          ||    26
       Tailslap          ||     1
Invok: Depart the Abyss  ||     1
 Abil: Rolling Charge    ||     8
  Use: Scroll            ||     2
Armor: Leather armour    ||     6
       Chain mail        ||     4
Dodge: Dodged            ||     7

Table legend: (Time is in decaauts)
 A = Elapsed time spent in this place.
 B = Non-inter-level travel time spent in this place.
 C = Inter-level travel time spent in this place.
 D = Time resting spent in this place.
 E = Time spent auto-exploring this place.
 F = Levels seen in this place.
 G = Mean time per level.
                   A        B        C        D        E       F      G
               +--------+--------+--------+--------+--------+-----+--------+
         Total |    417 |    268 |    149 |      0 |    167 |   3 |  139.0 |
       Dungeon |    417 |    268 |    149 |      0 |    167 |   2 |  208.5 |
         Abyss |      0 |      0 |      0 |      0 |      0 |   1 |    0.0 |
               +--------+--------+--------+--------+--------+-----+--------+

Top non-repeatable levels by time:
     D:1: 278 daAuts
     D:2: 138 daAuts
